 Dungeon Crawl Stone Soup version 0.26-b1-57-gb162d0664a (webtiles) character file.

Game seed: 13940643598764988733

195384 Froggeryz the Executioner (level 17, -2/158 HPs)
             Began as a Minotaur Berserker on Jan 8, 2021.
             Was a High Priest of Trog.
             Slain by a naga warrior
             ... wielding a +2 vorpal flail
              (3 damage)
             ... on level 4 of the Snake Pit.
             The game lasted 00:39:11 (32657 turns).

Froggeryz the Executioner (Minotaur Berserker)     Turns: 32657, Time: 00:39:12

Health: -2/158     AC: 17    Str: 27    XL:     17   Next: 71%
Magic:  16/16      EV: 10    Int:  8    God:    Trog [*****.]
Gold:   1645       SH: 17    Dex: 14    Spells: 16/16 levels left

rFire    . . .     SeeInvis +   V - +4 broad axe (flame)
rCold    + . .     Faith    .   u - +2 kite shield {reflect}
rNeg     . . .     Spirit   .   h - +4 scale mail {Will+}
rPois    +         Reflect  +   (helmet restricted)
rElec    +         Harm     .   o - +0 cloak
rCorr    .         Rampage  .   X - +1 pair of gloves
Will     ++++.                  L - +0 pair of boots
Stlth    +.........             x - amulet of Kindness {Acrobat Slay+5 SInv}
HPRegen  1.36/turn              e - ring of poison resistance
MPRegen  0.15/turn              A - ring "Qisikid" {*Slow rElec rC+ Int+2}

@: lethally poisoned (-2 -> -3), regenerating (expiring), slowed, constricted,
very slow
A: retaliatory headbutt, horns 2, repulsion field 1, thin skeletal structure 1,
strong 1
}: 1/15 runes: decaying
a: Renounce Religion, Berserk, Trog's Hand, Brothers in Arms


You were on level 4 of the Snake Pit.
You worshipped Trog.
Trog was extremely pleased with you.
You visited 5 branches of the dungeon, and saw 29 of its levels.
You also visited: Ossuary and Bailey.

You collected 2624 gold pieces.
You spent 979 gold pieces at shops.

Inventory:

Hand Weapons
 a - the +8 frozen axe "Frostbite" {freezing cloud, *Noise +Fly rC+}
   (Trog gifted it to you on level 3 of the Lair of Beasts)

   It has been specially enchanted to freeze those struck by it, causing extra
   injury to most foes and up to half again as much damage against particularly
   susceptible opponents.
   It can also slow down cold-blooded creatures.
   It protects you from cold.
   It lets you fly.
   It may make noises in combat.
 b - the +14 obsidian axe {vorpal, +Fly SInv *Curse}
   (You acquired it on level 9 of the Dungeon)

   It inflicts extra damage upon your enemies.
   It lets you see invisible.
   It lets you fly.
   It curses itself when equipped.
 C - a +1 executioner's axe
 D - a +9 vorpal broad axe
 V - a +4 broad axe of flaming (weapon)
Missiles
 I - 8 silver javelins
 R - 11 javelins (quivered)
Armour
 h - a +4 scale mail of willpower (worn)
 o - a +0 cloak (worn)
 u - a +2 kite shield of reflection (worn)
 H - the +5 tower shield of Elitism {Int-2 Dex+4}
   (You found it on level 8 of the Dungeon)

   It affects your intelligence (-2).
   It affects your dexterity (+4).
 L - a +0 pair of boots (worn)
 N - a +0 scale mail of cold resistance
 X - a +1 pair of gloves (worn)
Jewellery
 e - a ring of poison resistance (left hand)
 q - the ring "Zecw" {Fire +Blink Str+6 Dex-3}
   (You took it off a centaur warrior on level 9 of the Dungeon)

   [ring of fire]

   It enhances your fire magic.
   It affects your strength (+6).
   It affects your dexterity (-3).
   It protects you from fire.
   It makes you vulnerable to cold.
   It lets you blink.
 x - the amulet of Kindness (around neck) {Acrobat Slay+5 SInv}
   (You found it on level 9 of the Dungeon)

   [amulet of the acrobat]

   It helps you evade while moving and waiting.
   It affects your accuracy and damage with ranged weapons and melee attacks
   (+5).
   It lets you see invisible.
 y - an uncursed amulet of guardian spirit
 z - the ring "Cuonumur" {*Corrode rElec rN+++ Will- SInv}
   (You found it on level 9 of the Dungeon)

   [ring of see invisible]

   It insulates you from electricity.
   It renders you almost immune to negative energy.
   It affects your willpower, your defense against some magical effects.
   It lets you see invisible.
   It may corrode you when you take damage.
 A - the ring "Qisikid" (right hand) {*Slow rElec rC+ Int+2}
   (You found it on level 9 of the Dungeon)

   [ring of protection from cold]

   It affects your intelligence (+2).
   It protects you from cold.
   It insulates you from electricity.
   It may slow you when you take damage.
 J - the amulet of Yendor {rF+ Regen+}
   (You bought it in a shop on level 2 of the Orcish Mines)

   [amulet of regeneration]

   It protects you from fire.
   It increases your rate of regeneration.
 P - an uncursed ring of protection from fire
Wands
 j - a wand of digging (8)
 k - a wand of flame (67)
 m - a wand of acid (5)
 n - a wand of iceblast (77)
 F - a wand of polymorph (20)
 G - a wand of enslavement (18)
 M - a wand of paralysis (28)
Scrolls
 c - 2 scrolls of magic mapping
 d - 5 scrolls of identify
 l - a scroll of enchant weapon
 p - a scroll of blinking
 r - 7 scrolls of fog
 E - 6 scrolls of teleportation
 K - 6 scrolls of fear
 O - 13 scrolls of remove curse
 Q - a scroll of silence
 S - 2 scrolls of summoning
 U - 2 scrolls of enchant armour
 Z - 4 scrolls of immolation
Potions
 f - a potion of cancellation
 g - 9 potions of curing
 i - 5 potions of haste
 s - 2 potions of berserk rage
 t - 7 potions of flight
 w - 5 potions of heal wounds
 B - 7 potions of might
 T - 5 potions of mutation


   Skills:
 * Level 16.1 Fighting
 - Level 23.0 Axes
 - Level 11.2 Throwing
 + Level 9.5 Armour
 - Level 2.1 Dodging
 - Level 17.5 Shields
 + Level 3.3 Evocations


You had 16 spell levels left.
You didn't know any spells.
Your spell library was empty.

Dungeon Overview and Level Annotations

Branches:
Dungeon (13/15)            Temple (0/1) D:4            Lair (6/6) D:9
  Swamp (4/4) Lair:3        Snake (4/4) Lair:4        Slime (0/5) Lair:5
    Orc (2/2) D:9             Elf (0/3) Orc:2       Ossuary (visited)
 Bailey (visited)
 Vaults: D:13-14

Altars:
Cheibriados
Dithmenos
Gozag
Nemelex Xobeh
Okawaru
Ru
Sif Muna
Trog
Xom
The Shining One
Beogh
Jiyva

Shops:
Orc:1 [   Orc:2 *=![(

Annotations:
D:9 2 runed translucent doors
Lair:4 exclusion: oklob plant


Innate Abilities, Weirdness & Mutations

You reflexively headbutt those who attack you in melee.
You have a pair of horns on your head.
You are surrounded by a mild repulsion field. (EV +2)
You have a somewhat thin skeletal structure. (Dex +2, Stealth)
Your muscles are strong. (Str +2)


Message History

You resist.
* * * LOW HITPOINT WARNING * * *
The naga warrior constricts you. You block the naga's attack.
The naga hits you from afar with a +0 glaive!
* * * LOW HITPOINT WARNING * * *
You closely miss the naga warrior.
The naga warrior is moderately wounded.
You feel the effects of Trog's Hand fading.
You feel sick. The naga warrior spits poison at you.
The splash of poison hits you but does no damage.
You are more poisoned.
You resist.
* * * LOW HITPOINT WARNING * * *
The naga warrior constricts you. You block the naga's attack.
The naga hits you from afar with a +0 glaive!
* * * LOW HITPOINT WARNING * * *
The naga warrior hits you with a +2 vorpal flail!
* * * LOW HITPOINT WARNING * * *
You die...

#.##.....# #...
#.##.....## ##..
..#.......## #. ####..
.#........### #.. #..##.
.##∩.........# #...
##..... .#...........#
#.... #......
........###########.....
####...
.................NN.)...
.(.....
................@.N..(..
.......
......#......)))........
.......
.....##.......))........
.......
...).#..######)....#####
####... ........#.#
#.....## ....<.
...#.....###.....##
......
..##......#.....##
...... ...##....##....##
#..... .........#....##
##....


You could see a naga warrior (catching breath) and 2 nagas.

Vanquished Creatures
  Saint Roka (Snake:4)
  the Lernaean hydra (Swamp:4)
  Nikola (Snake:2)
  Jorgrun (D:13)
  Kirke (Lair:4)
  Roxanne (Snake:4)
  A nagaraja (Snake:3)
  Aizul (Snake:2)
  2 orc warlords (Orc:2)
  6 bunyips
  4 eleionomae
  A shambling mangrove (Swamp:1)
  The ghost of lasso the Cleaver, a journeyman MiFi (D:9)
  3 boulder beetles
  A ghost crab (Swamp:1)
  13 naga warriors
  18 hydras
  3 catoblepae (Lair:6)
  3 centaur warriors
  The ghost of lasso the Cleaver, a novice DDFi of Makhleb (D:9)
  4 two-headed ogres
  The ghost of Flesh177 the Destroyer, a novice DrCj of Sif Muna (D:9)
  6 anacondas
  The ghost of DungeonDestroyer the Spear-Bearer, a novice DgFi (D:10)
  10 alligators
  6 death yaks (Lair:6)
  An orc high priest (Orc:2)
  11 naga sharpshooters
  6 shock serpents
  Urug (Lair:4)
  The ghost of barott the Basher, a novice GrFi of the Shining One (D:9)
  A salamander mystic (Snake:2)
  Nergalle (Lair:4)
  A skeletal warrior (D:8)
  3 spriggan druids
  5 goliath frogs
  An unseen horror (D:10)
  The ghost of mess the Ruffian, a novice TrFi of Makhleb (D:5)
  9 swamp dragons
  8 naga ritualists
  7 bog bodies
  An obsidian statue (D:12)
  5 orc knights
  5 mana vipers
  An ugly thing (D:11)
  8 salamanders
  A will-o-the-wisp (Swamp:1)
  2 manticores (Lair:6)
  An oklob plant (Lair:3)
  A salamander (shapeshifter) (D:9)
  6 elephants
  7 orc sorcerers
  3 guardian serpents
  26 black mambas
  Psyche (D:10)
  A gargoyle (D:13)
  18 naga magi
  13 cane toads
  2 torpor snails
  3 rime drakes
  The ghost of lasso the Covert, a novice OpBr (D:5)
  9 komodo dragons
  6 trolls
  The ghost of qipq the Stinger, an amateur NaVM (D:5)
  A bloated husk (Swamp:3)
  A polar bear (Lair:1)
  9 tyrant leeches
  8 hornets
  18 slime creatures
  11 blink frogs
  7 dream sheep (Lair:5)
  36 yaks
  Sigmund (D:2)
  5 wyverns
  Eustachio (D:6)
  7 spriggans
  4 basilisks
  6 hogs (Lair:4)
  A steam dragon (D:12)
  Menkaure (D:5)
  47 nagas
  An acid dragon (D:9)
  23 swamp worms
  7 wargs
  15 water moccasins
  10 swamp drakes
  31 orc warriors
  7 ice beasts
  2 black bears
  4 necrophages
  4 sky beasts
  An eye of draining (D:11)
  9 wolves
  3 phantoms
  6 centaurs
  13 ogres
  2 big kobolds
  15 bullfrogs
  A water moccasin skeleton (D:5)
  6 scorpions
  8 killer bees
  A howler monkey (D:11)
  20 orc priests
  A human zombie (Ossuary)
  4 centaur skeletons
  3 bullfrog skeletons
  7 hounds
  4 jellies
  4 iguanas
  Natasha (D:2)
  28 orc wizards
  6 hell rats (Lair:2)
  15 worker ants
  Terence (D:2)
  3 big kobold zombies (Ossuary)
  A hound zombie (Ossuary)
  4 mummies (Ossuary)
  2 worker ant zombies
  10 gnolls
  A howler monkey skeleton (D:9)
  9 adders
  3 shadow imps
  2 white imps
  2 ufetubi
  An ooze (D:1)
  An adder zombie (D:5)
  5 worms
  4 leopard geckos
  70 orcs
  6 bats
  5 giant cockroaches
  13 goblins
  6 hobgoblins
  21 jackals
  12 kobolds
  4 quokkas
  A ball python (D:2)
  4 frilled lizards
  2 gnoll zombies (Ossuary)
  A goblin zombie (Ossuary)
  A hobgoblin zombie (Ossuary)
  A jackal skeleton (D:6)
  A kobold zombie (Ossuary)
  A leopard gecko skeleton (D:4)
  An orc zombie (Ossuary)
  10 rats
  A rat zombie (Ossuary)
  A plant (Lair:5)
908 creatures vanquished.

Vanquished Creatures (collateral kills)
  Harold (Lair:2)
  A hydra (Lair:2)
  An elephant (Lair:2)
  A rime drake (Lair:2)
  A blink frog (Lair:2)
  3 yaks (Lair:2)
  A basilisk (Lair:2)
  A hell rat (Lair:2)
10 creatures vanquished.

Vanquished Creatures (others)
  A goliath frog (Swamp:2)
  2 bloated husks
  A tyrant leech (Swamp:3)
  A naga (Snake:2)
  A swamp worm (Swamp:4)
  6 foxfires (Swamp:1)
  22 fungi
  51 plants
  6 withered plants
91 creatures vanquished.

Grand Total: 1009 creatures vanquished

Notes
Turn   | Place    | Note
-------+----------+-------------------------------------------
     0 | D:1      | Froggeryz the Minotaur Berserker began the quest for the
                  | Orb.
     0 | D:1      | Reached XP level 1. HP: 19/19 MP: 0/0
    55 | D:1      | Reached skill level 4 in Axes
   102 | D:1      | Reached XP level 2. HP: 26/26 MP: 1/1
   151 | D:1      | Reached skill level 5 in Axes
   184 | D:1      | Reached XP level 3. HP: 31/31 MP: 2/2
   202 | D:1      | Reached ** piety under Trog
   535 | D:2      | Found an iron altar of Okawaru.
   548 | D:2      | Reached skill level 6 in Axes
   548 | D:2      | Reached XP level 4. HP: 25/39 MP: 3/3
   851 | D:2      | Noticed a bullfrog
   857 | D:2      | Killed a bullfrog
   858 | D:2      | Reached skill level 7 in Axes
   858 | D:2      | Reached XP level 5. HP: 28/45 MP: 4/4
   976 | D:2      | Noticed Sigmund
   983 | D:2      | Killed Sigmund
   984 | D:2      | Reached skill level 8 in Axes
   984 | D:2      | Reached XP level 6. HP: 51/51 MP: 5/5
  1090 | D:2      | Noticed Terence
  1100 | D:2      | Killed Terence
  1193 | D:2      | Found an opulent altar of Gozag.
  1224 | D:2      | Noticed Natasha
  1232 | D:2      | Killed Natasha
  1527 | D:3      | Reached *** piety under Trog
  1528 | D:3      | Reached skill level 9 in Axes
  1874 | D:3      | Found a snail-covered altar of Cheibriados.
  2234 | D:4      | Noticed an ice beast
  2235 | D:4      | Found an iron altar of Okawaru.
  2244 | D:4      | Killed an ice beast
  2245 | D:4      | Reached XP level 7. HP: 27/57 MP: 6/6
  2253 | D:4      | Found a staircase to the Ecumenical Temple.
  2309 | D:4      | Reached skill level 10 in Axes
  2353 | D:4      | Found a shimmering altar of Xom.
  2371 | D:4      | Found a sand-covered staircase.
  2380 | Ossuary  | Entered an ossuary
  2392 | Ossuary  | Gained mutation: You are surrounded by a mild repulsion
                  | field. (EV +2) [potion of mutation]
  2392 | Ossuary  | Gained mutation: Your muscles are strong. (Str +2) [potion
                  | of mutation]
  2392 | Ossuary  | Gained mutation: You have a somewhat thin skeletal
                  | structure. (Dex +2, Stealth) [potion of mutation]
  2634 | D:4      | Reached skill level 11 in Axes
  3281 | D:5      | Entered Level 5 of the Dungeon
  3354 | D:5      | Found a runed translucent gate.
  3354 | D:5      | Found a runed translucent gate.
  3355 | D:5      | Found a runed translucent gate.
  3387 | D:5      | Reached XP level 8. HP: 37/64 MP: 7/7
  3635 | D:5      | Noticed mess's ghost (novice TrFi)
  3635 | D:5      | Noticed qipq's ghost (amateur NaVM)
  3635 | D:5      | Noticed lasso's ghost (novice OpBr)
  3808 | D:5      | Found a sparkling altar of Nemelex Xobeh.
  3860 | D:5      | Reached **** piety under Trog
  4047 | D:5      | Noticed Menkaure
  4055 | D:5      | Killed Menkaure
  4056 | D:5      | Reached skill level 12 in Axes
  4099 | D:5      | Killed lasso's ghost
  4106 | D:5      | Killed qipq's ghost
  4107 | D:5      | Reached skill level 5 in Fighting
  4112 | D:5      | Killed mess's ghost
  4113 | D:5      | Reached skill level 13 in Axes
  4113 | D:5      | Reached skill level 5 in Armour
  4113 | D:5      | Reached XP level 9. HP: 51/75 MP: 8/8
  4794 | D:6      | Noticed Eustachio
  4824 | D:6      | Killed Eustachio
  5141 | D:6      | Found a bloodstained altar of Trog.
  5402 | D:7      | Reached skill level 14 in Axes
  5633 | D:7      | Reached ***** piety under Trog
  5824 | D:8      | Reached XP level 10. HP: 86/86 MP: 9/9
  6047 | D:8      | Got an ichor-stained tower shield
  6558 | D:9      | Found a runed translucent door.
  6558 | D:9      | Noticed a centaur warrior
  6559 | D:9      | Found a runed translucent door.
  6559 | D:9      | Noticed a skeletal warrior
  6559 | D:9      | Noticed a boulder beetle
  6559 | D:9      | Noticed an orc knight
  6560 | D:9      | Found a runed translucent door.
  6600 | D:9      | Killed a centaur warrior
  6601 | D:9      | Reached skill level 1 in Shields
  6608 | D:9      | Killed an orc knight
  7005 | D:8      | Killed a skeletal warrior
  7006 | D:8      | Reached skill level 15 in Axes
  7363 | D:9      | Killed a boulder beetle
  7493 | D:9      | Noticed a two-headed ogre
  7503 | D:9      | Killed a two-headed ogre
  7561 | D:9      | Reached XP level 11. HP: 55/97 MP: 7/10
  7782 | D:9      | Found a runed translucent gate.
  7782 | D:9      | Found a runed translucent gate.
  7782 | D:9      | Found a runed translucent gate.
  7782 | D:9      | Noticed Flesh177's ghost (novice DrCj)
  7782 | D:9      | Noticed barott's ghost (novice GrFi)
  7783 | D:9      | Noticed lasso's ghost (novice DDFi)
  7783 | D:9      | Noticed lasso's ghost (journeyman MiFi)
  7802 | D:9      | Killed barott's ghost
  7806 | D:9      | Killed lasso's ghost
  7807 | D:9      | Reached skill level 5 in Shields
  7814 | D:9      | Killed lasso's ghost
  7815 | D:9      | Reached skill level 16 in Axes
  7817 | D:9      | Killed Flesh177's ghost
  7828 | D:9      | Identified a scroll of acquirement
  7842 | D:9      | Acquired the +14 obsidian axe {vorpal, +Fly SInv *Curse}
  7843 | D:9      | Found the +14 obsidian axe {vorpal, +Fly SInv *Curse}
  7996 | D:9      | Found a staircase to the Orcish Mines.
  8174 | D:9      | Found a staircase to the Lair.
  8326 | D:9      | Identified the ring "Zecw" {Fire +Blink Str+6 Dex-3}
  8326 | D:9      | Noticed a centaur warrior
  8333 | D:9      | Killed a centaur warrior
  8334 | D:9      | Reached skill level 10 in Fighting
  8349 | D:9      | Got a vibrating silver amulet
  8352 | D:9      | Got a flickering tin ring
  8361 | D:9      | Got a glittering lead ring
  8412 | D:9      | Found a glowing golden altar of the Shining One.
  8412 | D:9      | Found a sacrificial altar of Ru.
  8479 | Lair:1   | Entered Level 1 of the Lair of Beasts
  8512 | Lair:1   | Received a gift from Trog
  9168 | Lair:2   | Reached skill level 17 in Axes
  9168 | Lair:2   | Reached skill level 1 in Throwing
  9287 | Lair:2   | Noticed Harold
  9297 | Lair:2   | Killed Harold
  9298 | Lair:2   | Reached XP level 12. HP: 105/107 MP: 9/11
  9406 | Lair:2   | Noticed a five-headed hydra
  9414 | Lair:2   | Killed a seven-headed hydra
  9723 | Lair:2   | Identified the +5 tower shield of Elitism {Int-2 Dex+4}
                  | (You found it on level 8 of the Dungeon)
  9725 | Lair:2   | Identified the amulet of Kindness {Acrobat Slay+5 SInv}
                  | (You found it on level 9 of the Dungeon)
  9726 | Lair:2   | Identified the ring "Cuonumur" {*Corrode rElec rN+++ Will-
                  | SInv} (You found it on level 9 of the Dungeon)
  9727 | Lair:2   | Identified the ring "Qisikid" {*Slow rElec rC+ Int+2} (You
                  | found it on level 9 of the Dungeon)
 10602 | Lair:3   | Reached skill level 18 in Axes
 10678 | Lair:3   | Found a staircase to the Swamp.
 10795 | Lair:3   | Received a gift from Trog
 10796 | Lair:3   | Found the +8 frozen axe "Frostbite" {freezing cloud, *Noise
                  | +Fly rC+}
 11371 | Lair:4   | Noticed a four-headed hydra
 11374 | Lair:4   | Killed a six-headed hydra
 11375 | Lair:4   | Reached skill level 5 in Throwing
 11588 | Lair:4   | Noticed Nergalle
 11589 | Lair:4   | Killed Nergalle
 11607 | Lair:4   | Noticed Urug
 11617 | Lair:4   | Killed Urug
 11618 | Lair:4   | Found a staircase to the Snake Pit.
 11780 | Lair:4   | Reached XP level 13. HP: 78/114 MP: 12/12
 11787 | Lair:4   | Reached skill level 19 in Axes
 12053 | Lair:4   | Noticed Kirke
 12067 | Lair:4   | Killed Kirke
 13192 | Lair:5   | Found a viscous altar of Jiyva.
 13193 | Lair:5   | Found a staircase to the Slime Pits.
 13770 | Lair:6   | Entered Level 6 of the Lair of Beasts
 13781 | Lair:6   | Reached skill level 20 in Axes
 14952 | Lair:6   | Received a gift from Trog
 14965 | Lair:6   | Reached ****** piety under Trog
 14992 | Lair:6   | Reached XP level 14. HP: 43/122 MP: 13/13
 15467 | Lair:6   | Reached skill level 21 in Axes
 16167 | D:10     | Entered Level 10 of the Dungeon
 16466 | D:10     | Noticed Psyche
 16471 | D:10     | Killed Psyche
 16590 | D:10     | Noticed DungeonDestroyer's ghost (novice DgFi)
 16597 | D:10     | Found a runed translucent door.
 16966 | D:10     | Killed DungeonDestroyer's ghost
 17243 | D:11     | Received a gift from Trog
 18071 | D:12     | Reached skill level 10 in Throwing
 18800 | D:13     | Reached skill level 22 in Axes
 18885 | D:13     | Found a flagged portal.
 18888 | D:13     | Received a gift from Trog
 18902 | Bailey   | Entered a bailey
 19086 | Bailey   | Found a burning altar of Makhleb.
 19491 | D:13     | Noticed Jorgrun
 19506 | D:13     | Killed Jorgrun
 19784 | D:13     | Found a glowing golden altar of the Shining One.
 19878 | D:11     | Identified the +5 quarterstaff "Xagh" {spect, +Blink Str+2}
 19890 | D:11     | Identified the +5 quarterstaff "Xagh" {spect, +Blink Str+2}
 19891 | D:11     | Identified the +5 quarterstaff "Xagh" {spect, +Blink Str+2}
 19996 | Orc:1    | Entered Level 1 of the Orcish Mines
 20017 | Orc:1    | Found Veanne Isha's Antique Armour Shop.
 20034 | Orc:1    | Bought a glowing scarf for 264 gold pieces
 20145 | Orc:2    | Entered Level 2 of the Orcish Mines
 20146 | Orc:2    | Found Funiopab's Distillery.
 20157 | Orc:2    | Bought a potion of heal wounds for 55 gold pieces
 20157 | Orc:2    | Bought a potion of might for 44 gold pieces
 20233 | Orc:2    | Noticed an orc warlord
 20527 | Orc:2    | Killed an orc warlord
 20599 | Orc:2    | Reached XP level 15. HP: 123/128 MP: 14/14
 20601 | Orc:2    | Received a gift from Trog
 20663 | Orc:2    | Noticed an orc warlord
 20671 | Orc:2    | Killed an orc warlord
 21031 | Orc:2    | Found a roughly hewn altar of Beogh.
 21054 | Orc:2    | Found Gourghauph's Antique Weapon Emporium.
 21058 | Orc:2    | Found Wiumaeg's Antique Armour Emporium.
 21068 | Orc:2    | Found Rofuge's Jewellery Emporium.
 21074 | Orc:2    | Found Utyclox's General Store.
 21080 | Orc:2    | Found a staircase to the Elven Halls.
 21633 | Orc:2    | Bought the amulet of Yendor {rF+ Regen+} for 616 gold
                  | pieces
 21787 | Swamp:1  | Entered Level 1 of the Swamp
 21823 | Lair:3   | Reached skill level 23 in Axes
 22137 | Swamp:1  | Reached skill level 10 in Shields
 23170 | Swamp:2  | Received a gift from Trog
 25976 | Swamp:4  | Entered Level 4 of the Swamp
 26489 | Swamp:3  | Reached XP level 16. HP: 92/141 MP: 15/15
 27267 | Swamp:4  | Noticed the 27-headed Lernaean hydra
 27411 | Swamp:4  | HP: 9/214 [three-headed hydra (10)]
 27413 | Swamp:4  | HP: 4/214 [tyrant leech (6)]
 27821 | Swamp:4  | Killed the 25-headed Lernaean hydra
 28016 | Swamp:4  | Got a decaying rune of Zot
 28415 | Snake:1  | Entered Level 1 of the Snake Pit
 28433 | Snake:1  | Found a shadowy altar of Dithmenos.
 28464 | Snake:1  | Reached skill level 15 in Shields
 28467 | Snake:1  | Received a gift from Trog
 29101 | Snake:2  | Noticed Nikola
 29112 | Snake:2  | Killed Nikola
 29121 | Snake:2  | Noticed Aizul
 29128 | Snake:2  | Killed Aizul
 30159 | Snake:2  | Received a gift from Trog
 30163 | Snake:2  | Reached XP level 17. HP: 142/154 MP: 16/16
 31120 | Snake:3  | Reached skill level 15 in Fighting
 31391 | Snake:3  | Found a shimmering blue altar of Sif Muna.
 31593 | Snake:4  | Entered Level 4 of the Snake Pit
 31608 | Snake:4  | Noticed Saint Roka
 31614 | Snake:4  | Received a gift from Trog
 31903 | Snake:4  | Killed Saint Roka
 31904 | Snake:4  | Reached skill level 1 in Evocations
 32468 | Snake:4  | Identified Roxanne's Papyrus of Transformation
 32468 | Snake:4  | Noticed Roxanne
 32485 | Snake:4  | Killed Roxanne
 32555 | Snake:4  | Got a fine bronze ring
 32556 | Snake:4  | Identified the ring "Kymig" {*Tele rElec Will- Int+7 Dex-2}
                  | (You found it on level 4 of the Snake Pit)
 32657 | Snake:4  | HP: 1/158 [naga warrior/+2 vorpal flail (14)]
 32657 | Snake:4  | Slain by a naga warrior

Illustrated notes

Levels and vault maps discovered:
D:1:      lemuel_arrival_cross, layout_rooms, minmay_pentomino_w4
D:2:      layout_basic, nicolae_overflow_crystal_walls,
          nicolae_gozag_cash_rules_everything_around_me, uniq_natasha,
          uniq_sigmund, uniq_terence
D:3:      layout_loops_ring, nicolae_overflow_hidden_temple
D:4:      layout_basic, lemuel_crystal_altar, temple_fountains, enter_ossuary_1,
          okawaru_trees_1
D:5:      layout_gridville, nemelex_xobeh_ov_fountains_minmay,
          gammafunk_ghost_cemetery, uniq_menkaure
D:6:      layout_basic, trog_book, uniq_eustachio
D:7:      layout_cave_pools
D:8:      layout_basic
D:9:      minmay_the_grid_triangle_9x9_rhombus_thin
          [minmay_the_grid_triangle_9x9_zippers_vertical,
          minmay_the_grid_triangle_9x9_prize_special,
          minmay_the_grid_triangle_9x9_fully_insulated_deathbox,
          minmay_the_grid_triangle_9x9_longest], layout_basic,
          gammafunk_temple_overflow_wave, lair_entry_dummy, david_orc_4,
          gammafunk_ghost_cemetery, chequers_serial_rivers_micro_b
D:10:     layout_loops_corners, gammafunk_ghost_grave, uniq_psyche
D:11:     layout_roguey
D:12:     layout_long_grid, minmay_misc_feat_room, minivault_16,
          minmay_misc_feat_iff, hangedman_corner_corridor
D:13:     layout_loops_cross, enter_bailey_5, tso_altar, uniq_jorgrun
Lair:1:   layout_small_grid
Lair:2:   layout_cave_pods, uniq_harold
Lair:3:   layout_roguey, skrybe_swamp_entry_bodies
Lair:4:   layout_misc_corridors, minmay_snake_entry_guardpost_small,
          grunt_forest_large_clearing_hut, uniq_nergalle, uniq_kirke, uniq_urug
Lair:5:   layout_small_grid, slime_altar_1, lemuel_fruit_tree,
          infiniplex_staircase_pool, grunt_megastairs_4
Lair:6:   evilmike_catoblepas_cave, layout_misc_corridors, nzn_sisyphean_effort,
          serial_bayou_shore_a
Swamp:1:  layout_basic_swamp, nicolae_swamp_dense_foliage
Swamp:2:  layout_falls_marsh, evilmike_swamp_ruin_wall, swamp_pool1,
          wheals_swamp_sinkhole, nicolae_swamp_fairy_circle, worms_lemuel
Swamp:3:  layout_basic_swamp, hangedman_swamp_blocks, swamp_pool4,
          infiniplex_staircase_pool_2
Swamp:4:  swamp_old_school, layout_basic_swamp
Snake:1:  layout_misc_corridors, basic_altar
Snake:2:  layout_honeycomb, drop_trap, uniq_nikola, uniq_aizul
Snake:3:  layout_onion_interference, basic_altar, serial_bayou_shore_b
Snake:4:  grunt_snake_rune_spirals, layout_onion_interference, abandoned_shop,
          uniq_saint_roka, uniq_roxanne
Orc:1:    layout_diamond_mine, serial_shops, shop, nicolae_shop_crystal,
          nicolae_shop_waterfront
Orc:2:    grunt_orc_cross, layout_diamond_mine, serial_shops, shop

Skill      XL: |  1  2  3  4  5  6  7  8  9 10 11 12 13 14 15 16 17 |
---------------+----------------------------------------------------+-----
Axes           | 4 5 6 7 8 9 11 13 14 15 17 18 20 22 23 | 23.0
Fighting       | 5 7 9 10 12 14 16 | 16.1
Armour         | 5 6 8 9 |  9.5
Shields        | 4 7 9 13 16 17 | 17.5
Throwing       | 1 5 8 10 11 | 11.2
Evocations     | 3 |  3.3
Dodging        | |  2.1

Action                   |  1- 3 |  4- 6 |  7- 9 | 10-12 | 13-15 | 16-18 || total
-------------------------+-------+-------+-------+-------+-------+-------++-------
Melee: Hand axe          |    75 |   127 |   327 |   138 |       |       ||   667
       Headbutt          |    14 |    23 |    81 |    89 |   204 |   138 ||   549
       Broad axe         |       |       |       |   203 |   748 |   570 ||  1521
       War axe           |       |       |       |    20 |       |       ||    20
       Executioner's axe |       |       |       |       |    85 |       ||    85
Throw: Javelin           |       |       |       |       |     8 |     6 ||    14
Invok: Berserk           |       |     3 |     3 |     7 |    10 |     5 ||    28
       Trog's Hand       |       |       |     1 |     3 |     1 |     6 ||    11
       Brothers in Arms  |       |       |       |       |       |     1 ||     1
Evoke: Wand              |       |       |       |       |     3 |       ||     3
  Use: Potion            |       |     1 |     2 |     1 |       |     2 ||     6
       Scroll            |       |       |       |    27 |    20 |     9 ||    56
 Stab: Distracted        |       |       |       |     1 |     2 |       ||     3
       Confused          |       |       |       |       |     2 |       ||     2
       Paralysed         |       |       |       |       |     2 |       ||     2
Armor: Scale mail        |    38 |    30 |    74 |    53 |   214 |   150 ||   559
       Animal skin       |     3 |       |       |       |       |       ||     3
       Skin              |       |     6 |       |       |       |       ||     6
       Plate armour      |       |       |       |    48 |       |       ||    48
Dodge: Dodged            |    42 |    54 |   121 |   132 |   430 |   228 ||  1007
Block: Buckler           |       |       |       |       |   118 |       ||   118
       Kite shield       |       |       |       |       |    62 |   426 ||   488
       Reflection        |       |       |       |       |     1 |    55 ||    56
